 Dungeon Crawl Stone Soup version 0.19-a0-1815-g4007336 (webtiles) character file.

41 witty the Caller (level 3, -3/24 HPs)
             Began as a Vampire Summoner on Oct 5, 2016.
             Slain by a bullfrog (9 damage)
             ... on level 3 of the Dungeon.
             The game lasted 00:09:59 (2214 turns).

witty the Caller (Vampire Summoner)                 Turns: 2214, Time: 00:10:00

Health: -3/24      AC:  2    Str:  6 (7)  XL:     3   Next: 32%
Magic:  0/6        EV: 13    Int: 15 (18) God:
Gold:   77         SH:  0    Dex: 12 (14) Spells: 3 memorised, 0 levels left

rFire  . . .     SeeInvis +     k - +0 dagger
rCold  . . .     Gourm    .     a - +0 robe
rNeg   + . .     Faith    .     (no shield)
rPois  .         Spirit   .     (no helmet)
rElec  .         Dismiss  .     (no cloak)
rCorr  .         Reflect  .     (no gloves)
MR     .....     Harm     .     (no boots)
Stlth  ++........               (no amulet)
                                (no ring)
                                (no ring)

@: very slightly contaminated
A: fangs 3, see invisible, unbreathing
a: Bat Form


You were on level 3 of the Dungeon.
You were not thirsty.

You visited 1 branch of the dungeon, and saw 3 of its levels.

You collected 77 gold pieces.

Inventory:

Hand Weapons
 k - a +0 dagger (weapon)
   (You took it off a goblin on level 2 of the Dungeon)
Armour
 a - a +0 robe (worn)
Jewellery
 j - an uncursed ring of fire {rF+, rC-}
   (You found it on level 2 of the Dungeon)
Scrolls
 f - 3 scrolls of identify {unknown}
 h - 4 scrolls of enchant armour {unknown}
 i - a scroll of enchant weapon {unknown}
Potions
 c - 7 potions of blood {@q1}
 d - a potion of flight {unknown}
 e - a potion of haste
 g - a potion of curing {unknown}
Books
 b - a book of Callings


   Skills:
 + Level 0.1 Fighting
 + Level 2.9 Dodging
 + Level 3.9 Stealth
 - Level 2.0 Spellcasting
 + Level 4.4 Summonings


You couldn't memorise any spells.
You knew the following spells:

 Your Spells              Type           Power        Failure   Level  Hunger
a - Summon Small Mammal   Summ           ##..         4%          1    #......
b - Call Canine Familiar  Summ           ##......     14%         3    ###....
c - Call Imp              Summ           ##......     8%          2    ###....


Dungeon Overview and Level Annotations

Branches:
Dungeon (3/15)

Altars:
Ashenzari
Cheibriados
Dithmenos
Okawaru
Qazlal
Ru
Uskayaw
Vehumet
Xom
Yredelemnul
Zin


Innate Abilities, Weirdness & Mutations

You have razor-sharp teeth.
You have supernaturally acute eyesight. (SInv)
You can survive without breathing.


Message History

Your bat disappears in a puff of smoke!
Your bat hits the rat but does no damage.
Your quokka barely misses the worm.
Your bat barely misses the rat.
Your bat hits the worm.
Your bat barely misses the worm.
The rat bites you.
Your bat hits the rat.
You take 1 damage, and have 9/24 hp.
Okay, then.
Your bat hits the worm but does no damage.
Your quokka bites the worm.
The rat barely misses you.
Your bat hits the worm but does no damage.
The worm bites your bat.
Your bat dies!
Your bat's corpse disappears in a puff of smoke!
You now have 1/6 mp.
Your quokka completely misses the worm.
Your rat bites the rat.
The rat dies!
Your quokka bites the worm.
You now have 0/6 mp.
Your quokka barely misses the worm.
The worm misses your quokka.
Your rat bites the worm.
Your quokka bites the worm.
Your rat bites the worm but does no damage.
The worm barely misses your quokka.
Your quokka bites the worm.
The worm dies!
You swap places.
You see here a rat corpse.
You see here a worm corpse.
You butcher the worm corpse.
You see here 2 chunks of flesh {@w0}.
You start resting.
Your magical contamination has completely faded away.
You start resting.
Your quokka disappears in a puff of smoke!
Your rat disappears in a puff of smoke! x2
You regained 9 hp, and now have 19/24 hp.
MP restored: 6 The adder hisses angrily.
You now have 5/6 mp.
You now have 4/6 mp.
You now have 3/6 mp.
You hit the adder but do no damage. The adder bites you but does no damage.
An adder comes into view.
The adder barely misses your bat. The adder misses your quokka.
Your bat barely misses the adder.
Your quokka misses the adder. The adder bites your quokka.
You see here a great sword.
Your bat hits the adder.
Your quokka closely misses the adder.
The adder bites your quokka.
Your quokka dies!
Your quokka's corpse disappears in a puff of smoke!
Your bat barely misses the adder.
Your rat barely misses the adder.
Your bat closely misses the adder.
Your bat barely misses the adder.
Your rat barely misses the adder.
The adder barely misses your bat.
There is a stone staircase leading up here.
Your bat hits the adder but does no damage.
You climb upwards.
Your summoned ally is left behind.
There is a stone staircase leading down, spattered with blood here.
You start resting.
Health restored: 24; MP restored: 6
There is a stone staircase leading down here.
You climb downwards.
There is a stone staircase leading up here.
e - a potion of haste A kobold comes into view.
It is wielding a dagger.
A kobold is nearby!
You now have 5/6 mp.
You now have 4/6 mp.
A bullfrog comes into view.
The bullfrog croaks.
The kobold shouts!
You hear a shout!
Your bat hits the kobold but does no damage.
You miss the bullfrog. Your bat misses the kobold.
The bullfrog closely misses you.
You hit the bullfrog.
Your bat hits the kobold but does no damage.
The bullfrog barely misses you. The kobold barely misses your bat.
The bullfrog hits you.
You take 6 damage, and have 18/24 hp.
MASSIVE DAMAGE!!
Okay, then.
Okay, then.
You miscast Call Canine Familiar.
You are very lightly contaminated with residual magic.
The world appears momentarily distorted.
Your bat barely misses the kobold.
The kobold closely misses your bat.
Your bat barely misses the kobold.
The bullfrog barely misses you.
You now have 1/6 mp.
The bullfrog hits you.
Your bat barely misses the bullfrog.
The bullfrog hits you.
You take 6 damage, and have 12/24 hp.
MASSIVE DAMAGE!!
Your bat hits the bullfrog. The bullfrog hits you.
* * * LOW HITPOINT WARNING * * *
Your bat barely misses the bullfrog.
You take 6 damage, and have 6/24 hp.
MASSIVE DAMAGE!!
You now have 0/6 mp.
Your bat hits the bullfrog. x2; The bullfrog hits you!
You die...

### #####
#.##########.#.#
#..!.......#.#.#
#.########.#...#
#.# #<.#.#.#
#####.# #..#.#.#
.%....# #..#.#.#
..#####
#..#.#.###
........
#...@Fb..#
..######
######b#g# ..#
..#.# ..# ...# #
).## #b#b# ....
.K... #### #
#....# #. ## ###
#.


You could see a bullfrog, a goblin and 2 friendly bats.

Vanquished Creatures
  A leopard gecko (D:2)
  3 hobgoblins
  A jackal (D:1)
  2 kobolds
  A frilled lizard (D:2)
  A goblin (D:2)
  3 rats
12 creatures vanquished.

Vanquished Creatures (collateral kills)
  A gnoll (D:1)
  2 worms
  A giant cockroach (D:2)
  5 goblins
  4 hobgoblins (D:2)
  3 jackals (D:1)
  3 kobolds
  4 bats
  A frilled lizard (D:3)
  4 rats
28 creatures vanquished.

Grand Total: 40 creatures vanquished

Notes
Turn   | Place    | Note
-------+----------+-------------------------------------------
     0 | D:1      | witty the Vampire Summoner began the quest for the Orb.
     0 | D:1      | Reached XP level 1. HP: 13/13 MP: 3/3
   155 | D:1      | HP: 2/13 [gnoll/whip (4)]
   160 | D:1      | HP: 1/13 [bat (1)]
   172 | D:1      | Reached XP level 2. HP: 2/19 MP: 0/5
  1098 | D:1      | Learned a level 2 spell: Call Imp
  1386 | D:2      | Reached XP level 3. HP: 21/24 MP: 4/6
  1404 | D:2      | Found a sacrificial altar of Ru.
  1534 | D:2      | Found a shimmering altar of Xom.
  1536 | D:2      | Found a sacrificial altar of Ru.
  1536 | D:2      | Found an iron altar of Okawaru.
  1538 | D:2      | Found a shattered altar of Ashenzari.
  1538 | D:2      | Found an ancient bone altar of Kikubaaqudgha.
  1538 | D:2      | Found a shadowy altar of Dithmenos.
  1637 | D:2      | Found a sacrificial altar of Ru.
  1731 | D:2      | Found a basalt altar of Yredelemnul.
  1736 | D:2      | Found a shattered altar of Ashenzari.
  1750 | D:2      | Found a radiant altar of Vehumet.
  1754 | D:2      | Found a glowing silver altar of Zin.
  1759 | D:2      | Found a hide-covered altar of Uskayaw.
  1764 | D:2      | Found a snail-covered altar of Cheibriados.
  1769 | D:2      | Found a stormy altar of Qazlal.
  1852 | D:3      | Learned a level 3 spell: Call Canine Familiar
  2208 | D:3      | Noticed a bullfrog
  2213 | D:3      | HP: 6/24 [bullfrog (6)]
  2214 | D:3      | Slain by a bullfrog

Vault maps used:
D:1:      saegor_arrival_under_anarchy, hangedman_abyss_or_decor_lesser_grid,
          minmay_split_cup_small
D:2:      doesnt_xom_only_xom, overflow_temple_1_default,
          grunt_temple_overflow_octagram, nicolae_ru_the_path_less_chosen

Action                   || total
-------------------------++-------
Melee: Hand axe          ||    19
       Dagger            ||    32
       Unarmed           ||     3
       Bite              ||     3
Throw: Stone             ||    41
 Cast: Summon Small Mamm ||    63
  Use: Potion            ||     6
 Stab: Sleeping          ||     1
Armor: Robe              ||     9
Dodge: Dodged            ||    64

Vault maps used:
D:1:      saegor_arrival_under_anarchy, hangedman_abyss_or_decor_lesser_grid,
          minmay_split_cup_small
D:2:      doesnt_xom_only_xom, overflow_temple_1_default,
          grunt_temple_overflow_octagram, nicolae_ru_the_path_less_chosen

Table legend:
 A = Turns spent in this place as a percentage of turns spent in the entire game.
 B = Non-inter-level travel turns spent in this place as a percentage of non-inter-level travel turns spent in the entire game.
 C = Inter-level travel turns spent in this place as a percentage of turns spent in this place.
 D = Turns resting spent in this place as a percentage of non-inter-level travel turns spent in this place.
 E = Turns spent auto-exploring this place as a percentage of non-inter-level travel turns spent in this place.
 F = Non-inter-level travel turns spent in this place divided by the number of levels of this place that you've seen.
                   A       B       C       D       E      F
               +-------+-------+-------+-------+-------+----------------------
         Total | 100.0 | 100.0 |   0.7 |   1.2 |   7.2 | 241.7
       Dungeon | 100.0 | 100.0 |   0.7 |   1.2 |   7.2 | 241.7
               +-------+-------+-------+-------+-------+----------------------

Table legend:
 A = Kills in this place as a percentage of kills in entire the game.
 B = Kills by you in this place as a percentage of kills by you in the entire game.
 C = Kills by friends in this place as a percentage of kills by friends in the entire game.
 D = Other kills in this place as a percentage of other kills in the entire game.
 E = Experience gained in this place as a percentage of experience gained in the entire game.
 F = Experience gained in this place divided by the number of levels of this place that you have seen.
                   A       B       C       D       E      F
               +-------+-------+-------+-------+-------+----------------------
         Total | 100.0 | 100.0 | 100.0 |  -nan | 100.0 |  19.7
       Dungeon | 100.0 | 100.0 | 100.0 |  -nan | 100.0 |  19.7
               +-------+-------+-------+-------+-------+----------------------
